 Dungeon Crawl Stone Soup version 0.17.1-1-g73c8601 (webtiles) character file.

177 zercules the Charlatan (level 5, -9/29 HPs)
             Began as a Kobold Artificer on Dec 31, 2015.
             Killed from afar by an orc (11 damage)
             ... with a wand of flame
             ... on level 3 of the Dungeon.
             The game lasted 00:13:41 (2100 turns).

zercules the Charlatan (Kobold Artificer)           Turns: 2100, Time: 00:13:41

Health: -9/29      AC:  7    Str: 10    XL:     5   Next: 88%
Magic:  7/7        EV: 14    Int: 11    God:
Gold:   132        SH:  0    Dex: 16    Spells: 0 memorised, 4 levels left

rFire  . . .     SeeInvis .     B - +2 trident (pierce)
rCold  . . .     Clarity  .     b - +0 leather armour
rNeg   . . .     SustAt   .     (shield currently unavailable)
rPois  .         Gourm    .     y - +0 helmet
rElec  .         Spirit   .     w - +1 cloak
rCorr  .         Warding  .     l - +0 pair of gloves
rMut   .         Stasis   .     (no boots)
MR     .....                    (no amulet)
Stlth  ++........               (no ring)
                                (no ring)

@: not resistant to hostile enchantments, unstealthy
A: carnivore 3
a: no special abilities


You were on level 3 of the Dungeon.
You were completely stuffed.

You visited 1 branch of the dungeon, and saw 3 of its levels.

You collected 132 gold pieces.

Inventory:

Hand Weapons
 a - a +0 short sword
 g - a +0 whip
 B - a +2 trident of piercing (weapon)
Missiles
 t - 17 sling bullets
 A - 72 stones
 C - 4 tomahawks (quivered)
Armour
 b - a +0 leather armour (worn)
 l - a +0 pair of gloves (worn)
 q - a +0 buckler
 w - a +1 cloak (worn)
 y - a +0 helmet (worn)
Wands
 c - a wand of flame (9)
 d - a wand of enslavement (10)
 e - a wand of random effects (14)
Scrolls
 j - a scroll of fear
 n - 2 scrolls of remove curse
 o - a scroll of noise {unknown}
 p - 2 scrolls of immolation
 r - a scroll of teleportation {unknown}
 z - 2 scrolls of fog
Potions
 h - a potion of might
 u - a potion of poison
 v - a potion of lignification
Comestibles
 f - a meat ration
 k - a slice of pizza
 m - a fruit
 s - a beef jerky


   Skills:
 - Level 1.1 Fighting
 - Level 1.3 Short Blades
 + Level 2.2 Polearms
 - Level 2.4 Dodging
 - Level 3.3 Stealth
 - Level 2.8 Shields
 - Level 3.6 Evocations


You had 4 spell levels left.
You didn't know any spells.

Dungeon Overview and Level Annotations

Branches:
Dungeon (3/15)

Altars:
Ru
Xom


Innate Abilities, Weirdness & Mutations

You are small and have problems with some larger weapons.
You are carnivorous and can eat meat at any time.


Message History

The orc throws a tomahawk.
The tomahawk barely misses you.
Attack whom?
Press: ? - help, Dir - move target cursor, f/p - orc
Aim: an orc, wielding a hand axe, wearing a scale mail and carrying a wand of flame {zapped: 2} You reach to attack!
You hit the orc.
The orc is moderately wounded.
The orc zaps a wand.
The puff of flame hits you!
* * * LOW HITPOINT WARNING * * *
Drink which item? (? for menu, Esc to quit)
Okay, then.
The orc priest mumbles some strange prayers to Beogh against you.
Pain shoots through your body!
* * * LOW HITPOINT WARNING * * *
Attack whom?
Press: ? - help, Dir - move target cursor, f - orc priest, p - orc
Aim: an orc priest, wielding a club (moderately wounded)
You reach to attack!
You barely miss the orc priest.
The orc priest is moderately wounded.
The orc zaps a wand.
The puff of flame hits you!
You die...

.#########
#.###....###########.
.รท.......# #.#
#.#.## #. .#######.#
#.# #.#.### #. ## #.#
#.# #.....# #. #
#.####.###.....##
###. #
#...............#
#####.). #
##.###...#o.....#
#....... # #<#
##..#......###.#####.
# #.# #o.@.(.....##.#
#. ## #.#
#.##.#.##.....# #. .#
#.# #.#....###>##.#
#. .# #.# #.#.#).#
#.##.#####. .# #.#
#.#....###.##.......
## #.#
#.####..............
#.###...########....
#.##.#.#.### .....#
#.<........# #.##..#


You could see an orc priest and an orc.

Vanquished Creatures
  2 jellies (D:3)
  Ijyb (D:3)
  Robin (D:3)
  3 adders
  An ooze (D:2)
  2 worms (D:3)
  3 giant geckos
  3 orcs (D:3)
  4 bats
  4 goblins (D:3)
  5 hobgoblins
  2 quokkas (D:3)
  A giant newt (D:3)
  4 kobolds
  10 rats
  A sheep (D:3)
47 creatures vanquished.

Vanquished Creatures (others)
  A hobgoblin (D:3)
  4 goblins (D:3)
5 creatures vanquished.

Grand Total: 52 creatures vanquished

Notes
Turn   | Place    | Note
--------------------------------------------------------------
     0 | D:1      | zercules the Kobold Artificer began the quest for the Orb.
     0 | D:1      | Reached XP level 1. HP: 12/12 MP: 3/3
   223 | D:1      | Reached XP level 2. HP: 14/16 MP: 4/4
   535 | D:2      | Reached skill level 1 in Shields
   535 | D:2      | Reached XP level 3. HP: 5/20 MP: 5/5
  1134 | D:3      | Found a faded altar to an unknown god.
  1157 | D:3      | Noticed Robin
  1186 | D:3      | Killed Robin
  1186 | D:3      | Reached XP level 4. HP: 22/25 MP: 6/6
  1282 | D:3      | Noticed Ijyb
  1344 | D:3      | Killed Ijyb
  1447 | D:3      | Found a sacrificial altar of Ru.
  1673 | D:3      | Reached XP level 5. HP: 29/29 MP: 7/7
  1813 | D:3      | Reached skill level 1 in Polearms
  1990 | D:3      | Found a shimmering altar of Xom.
  2100 | D:3      | Killed from afar by an orc

Action                   |  1- 3 |  4- 6 || total
-------------------------+-------+-------++-------
Melee: Short sword       |    49 |    67 ||   116
       Trident           |       |    46 ||    46
Throw: Stone             |     4 |       ||     4
       Tomahawk          |       |     2 ||     2
Evoke: Wand              |     6 |     6 ||    12
  Use: Scroll            |     3 |     5 ||     8
       Potion            |     1 |       ||     1
 Stab: Sleeping          |     6 |     7 ||    13
       Distracted        |       |     3 ||     3
  Eat: Chunk             |     7 |     5 ||    12
